 Dungeon Crawl Stone Soup version 0.22-a0-283-g1871b15 (webtiles) character file.

164437 Gorglomux the Warrior (level 17, -9/170 HPs)
             Began as a Minotaur Earth Elementalist on Mar 18, 2018.
             Was an Initiate of Gozag.
             Killed from afar by a thorn hunter (21 damage)
             ... with a volley of thorns
             ... on level 4 of the Swamp.
             The game lasted 00:36:38 (32412 turns).

Gorglomux the Warrior (MiEE)                       Turns: 32412, Time: 00:36:39

Health: -9/170     AC: 27    Str: 26    XL:     17   Next: 25%
Magic:  18/18      EV: 10    Int: 12    God:    Gozag
Gold:   6165       SH: 17    Dex: 11    Spells: 17/18 levels left

rFire    + + .     SeeInvis +   t - +5 quick blade (elec)
rCold    + + +     Gourm    .   L - +2 shield of Resistance {rF+ rC+ MR+}
rNeg     . . .     Faith    .   s - +2 plate armour {rPois}
rPois    +         Spirit   .   (helmet unavailable)
rElec    .         Reflect  .   f - +1 cloak
rCorr    .         Harm     .   v - +0 pair of gloves of Midwinter {*Slow rPois rF+}
MR       +++..                  z - +0 pair of boots
Stlth    ..........             r - amulet of regeneration
HPRegen  0.78/turn              p - ring of Circularity {+Blink rC+ MR+ Str+4 SInv}
MPRegen  0.16/turn              o - ring of poison resistance

@: about to teleport
A: retaliatory headbutt, horns 3, cold resistance 1, strong 1
a: Potion Petition, Call Merchant, Bribe Branch, Renounce Religion, Evoke Blink


You were on level 4 of the Swamp.
You worshipped Gozag.
Gozag was greatly pleased with you.
You were not hungry.

You visited 4 branches of the dungeon, and saw 27 of its levels.
You also visited: Ossuary, Bailey and Ice Cave.

You collected 11668 gold pieces.
You spent 3052 gold pieces at shops.
You paid 2451 gold pieces to Gozag.

Inventory:

Hand Weapons
 a - a +1 short sword of draining
 m - a +0 broad axe of venom
 t - a +5 quick blade of electrocution (weapon)
Missiles
 Z - 2 throwing nets (quivered)
Armour
 f - a +1 cloak (worn)
 s - a +2 plate armour of poison resistance (worn)
 v - the +0 pair of gloves of Midwinter (worn) {*Slow rPois rF+}
   (You found it in an ice cave)

   It protects you from fire.
   It protects you from poison.
   It may slow you when you take damage.
 z - a +0 pair of boots (worn)
 L - the +2 shield of Resistance (worn) {rF+ rC+ MR+}
   (You bought it in a shop on level 4 of the Lair of Beasts)

   It protects you from fire.
   It protects you from cold.
   It affects your resistance to hostile enchantments.
Jewellery
 c - an uncursed ring of protection from cold
 g - an uncursed ring of resist corrosion
 o - a ring of poison resistance (right hand)
 p - the ring of Circularity (left hand) {+Blink rC+ MR+ Str+4 SInv}
   (You bought it in a shop on level 14 of the Dungeon)

   [ring of see invisible]

   It affects your strength (+4).
   It protects you from cold.
   It affects your resistance to hostile enchantments.
   It lets you see invisible.
   It lets you blink.
 r - an amulet of regeneration (around neck)
Wands
 A - a wand of acid (14)
 D - a wand of digging (9)
 E - a wand of enslavement (20)
 I - a wand of iceblast (16)
 O - a wand of clouds (8)
 P - a wand of paralysis (10)
Scrolls
 i - 7 scrolls of immolation
 n - 14 scrolls of remove curse
 x - 3 scrolls of enchant armour
 B - 3 scrolls of blinking
 C - 2 scrolls of silence
 F - 3 scrolls of fog
 G - 5 scrolls of amnesia
 H - a scroll of acquirement
 J - a scroll of summoning
 M - 6 scrolls of magic mapping
 R - 7 scrolls of identify
 T - 10 scrolls of teleportation
 W - 3 scrolls of enchant weapon
 X - 6 scrolls of fear
Potions
 h - 3 potions of mutation {!q}
 j - 2 potions of invisibility
 k - 3 potions of heal wounds
 l - 4 potions of flight
 q - 7 potions of brilliance
 u - 10 potions of might
 K - 4 potions of magic
 N - 4 potions of resistance
 Q - 11 potions of curing
 S - 7 potions of haste
 U - 2 potions of agility
 V - a potion of ambrosia
 Y - 6 potions of lignification
Comestibles
 d - 17 rations


   Skills:
 + Level 19.8 Fighting
 - Level 11.5 Short Blades
 + Level 8.8 Axes
 + Level 19.7 Armour
 - Level 4.1 Dodging
 - Level 1.5 Stealth
 - Level 17.9 Shields
 - Level 1.8 Unarmed Combat
 - Level 1.3 Spellcasting
   Level 0.7 Transmutations
 - Level 2.4 Earth Magic


You had 17 spell levels left.
You knew the following spells:

 Your Spells              Type           Power        Failure   Level  Hunger
a - Sandblast             Erth           #.....       47%         1    ##.....


Dungeon Overview and Level Annotations

Branches:
Dungeon (15/15)            Temple (0/1) D:5            Lair (6/6) D:9
  Swamp (4/4) Lair:4        Snake (0/4) Lair:2          Orc (2/2) D:12
    Elf (0/3) Orc:2        Vaults (0/5) D:14         Depths (0/5) D:15
  Slime: Lair:5-6

Altars:
Ashenzari
Dithmenos
Elyvilon
Gozag
Hepliaklqana
Makhleb
Nemelex Xobeh
Okawaru
Ru
Sif Muna
Vehumet
Wu Jian
The Shining One
Beogh

Shops:
D:6 [   D:8 %   D:9 *   D:12 =   D:14 =*   Orc:1 *   Orc:2 ([:   Lair:4 [

Annotations:
D:8 exclusion: door
D:11 Erolcha
Lair:6 exclusion: oklob plant


Innate Abilities, Weirdness & Mutations

You reflexively headbutt those who attack you in melee.
You have a pair of large horns on your head.
Your flesh is cold resistant. (rC+)
Your muscles are strong. (Str +2)


Message History

You perforate the eight-headed hydra like a sieve!!!
Lightning courses through the eight-headed hydra!!!
You headbutt the eight-headed hydra!!!
The eight-headed hydra is severely wounded!
The thorn hunter fires a volley of thorns at you!
The volley of thorns hits you!!! * * * don't die
* * * You block the eight-headed hydra's attack!
The eight-headed hydra bites you but does no damage!
The eight-headed hydra barely misses butt!
The eight-headed hydra bites you but does no damage! x2
The eight-headed hydra barely misses you!
The eight-butt hydra bites you! * * * don't die
* * * The eight-headed hydra bites you but does no damage!
Unknown command!
The thorn hunter fires a volley of thorns at you!
The volley of thorns hits you!!! rip Your body crumbles into a pile of gold!

≈≈≈≈≈≈≈≈# ≈≈≈≈≈≈P≈# (
≈≈≈≈≈PP≈# .. ≈≈≈≈≈PP.##
'.( .≈≈≈≈PP≈≈####'#.§
.≈[# ..≈≈fPP.≈#.≈....(
.8.. .≈PPPPP.≈#D8≈(.(.
≈.(. §≈PPPPP...≈..P...
.... .≈≈≈≈≈.≈@#≈(..#..
..≈#
≈≈≈≈§≈≈...≈.#########.#.#
.≈≈≈≈≈≈≈...P..#.≈.⌠#$≈..#
.≈≈≈≈.♣♣......≈..§≈#.....
♣≈≈≈≈. ♣≈#.(.(.(≈..#.≈.(≈
♣♣♣... ♣≈..≈....(.≈$.≈8..
♣♣♣ ♣♣≈##...#§..#...≈.#
♣♣♣♣♣..#.....§(.≈#.$8$'
♣♣...≈≈#....§.$$P.#..≈$#


You could see a thorn hunter and an eight-headed hydra.

Vanquished Creatures
  Saint Roka (Orc:2)
  the Lernaean hydra (Swamp:4)
  Frances (D:13)
  Kirke (D:14)
  The ghost of Anon1729 the Scorcher, an adept DsFE of Ashenzari (Swamp:1)
  Louise (D:14)
  An orc warlord (Orc:2)
  A juggernaut skeleton (D:15)
  The ghost of Xenophilius the Grappler, a journeyman TrWr of Cheibriados (Lair:6)
  Snorg (Lair:6)
  2 blizzard demons (IceCv)
  Josephine (D:11)
  Erolcha (D:11)
  An ice dragon (Lair:4)
  Harold (Lair:1)
  Fannar (D:11)
  8 vault guards (D:14)
  24 hydras
  Erica (Lair:1)
  5 centaur warriors
  3 ghost crabs
  4 catoblepae
  A death knight (D:12)
  A tengu warrior (D:13)
  An ogre mage (D:15)
  13 two-headed ogres
  11 death yaks (Lair:6)
  6 alligators
  4 orc high priests
  The ghost of Pawles22 the Changer, a novice NaTm of the Shining One (D:8)
  2 skeletal warriors
  4 unseen horrors
  9 swamp dragons
  A spriggan druid (Swamp:4)
  2 shambling mangroves
  The ghost of nikopol the Thaumaturge, a novice DEFE of Vehumet (D:9)
  A lindwurm (Lair:3)
  4 orc knights
  A necromancer (D:15)
  A deep elf mage (D:13)
  A phantasmal warrior (D:15)
  3 ugly things
  5 manticores
  4 orc sorcerers
  A stone giant zombie (D:15)
  3 cyclopes
  13 slime creatures
  A black mamba (Lair:3)
  10 elephants
  An ice statue (IceCv)
  6 spiny frogs
  6 komodo dragons
  2 rime drakes
  An efreet (D:14)
  A yaktaur zombie (D:15)
  5 anaconda simulacra (IceCv)
  A kobold demonologist (D:13)
  6 ice devils (IceCv)
  8 freezing wraiths
  A guardian mummy (D:15)
  6 trolls
  A hornet (shapeshifter) (D:14)
  8 tyrant leeches
  17 hornets
  A blink frog (shapeshifter) (D:14)
  A harpy skeleton (D:14)
  12 hippogriffs
  2 shadows (Swamp:2)
  16 bog bodies
  4 centaur simulacra
  5 wraiths
  8 spriggans
  A fire dragon skeleton (D:15)
  A vampire (D:9)
  61 yaks
  A dire elephant simulacrum (IceCv)
  A basilisk (Lair:5)
  5 wyverns
  4 hogs (D:14)
  2 hungry ghosts (D:9)
  6 vampire mosquitoes
  An iron troll simulacrum (IceCv)
  6 wargs
  15 swamp worms
  4 nagas (Lair:2)
  An acid dragon (D:12)
  19 insubstantial wisps
  3 harpy simulacra (IceCv)
  5 hydra simulacra (IceCv)
  8 porcupines
  16 water moccasins
  40 orc warriors
  An eye of draining (D:13)
  4 ice beasts
  5 sky beasts
  2 black bears
  13 swamp drakes
  11 ogres
  2 phantoms
  9 wolves
  A hornet zombie (D:12)
  17 centaurs
  4 big kobolds
  10 crocodiles
  A gnoll sergeant (D:9)
  22 bullfrogs
  A wyvern zombie (D:9)
  A water moccasin zombie (D:9)
  3 scorpions
  A wyvern skeleton (D:13)
  9 killer bees
  9 wights
  3 electric eels (Bailey)
  5 howler monkeys
  8 crimson imps
  A quasit (D:14)
  4 centaur zombies
  3 draconian simulacra (IceCv)
  5 jellies
  20 orc priests
  8 hounds
  24 orc wizards
  A bullfrog skeleton (D:12)
  7 centaur skeletons
  3 human zombies (Ossuary)
  6 iguanas
  Jessica (D:3)
  Natasha (thrice) (D:3)
  10 worker ants
  3 polar bear simulacra (IceCv)
  3 spriggan simulacra (IceCv)
  2 big kobold zombies (Ossuary)
  2 troll simulacra (IceCv)
  A hound zombie (Ossuary)
  4 mummies (Ossuary)
  10 adders
  4 gnolls
  2 ogre simulacra (IceCv)
  5 shadow imps
  7 white imps
  3 ufetubi (IceCv)
  An ooze (D:3)
  2 adder skeletons (D:9)
  2 worms
  A dart slug (D:1)
  4 leopard geckos
  100 orcs
  4 ball pythons
  3 giant cockroaches
  13 goblins
  14 hobgoblins
  20 jackals
  5 quokkas
  4 bats (D:1)
  5 frilled lizards
  A hobgoblin zombie (Ossuary)
  2 jackal skeletons
  A jackal zombie (Ossuary)
  28 kobolds
  A leopard gecko skeleton (D:7)
  An orc zombie (Ossuary)
  A quokka zombie (D:9)
  9 rats
  3 rat zombies (Ossuary)
  A fungus (Lair:6)
  A plant (Lair:6)
  A withered plant (D:15)
998 creatures vanquished.

Vanquished Creatures (others)
  A shambling mangrove (Swamp:4)
  An orc wizard (Orc:2)
  A white imp (IceCv)
  A hobgoblin (Bailey)
  12 fungi
  26 plants
42 creatures vanquished.

Grand Total: 1040 creatures vanquished

Notes
Turn   | Place    | Note
-------+----------+-------------------------------------------
     0 | D:1      | Gorglomux the Minotaur Earth Elementalist began the quest for the Orb.
     0 | D:1      | Reached XP level 1. HP: 14/14 MP: 1/1
   315 | D:1      | Reached skill level 1 in Fighting
   315 | D:1      | Reached skill level 1 in Armour
   315 | D:1      | Reached XP level 2. HP: 19/23 MP: 3/3
   317 | D:1      | Reached skill level 1 in Unarmed Combat
   761 | D:1      | Reached XP level 3. HP: 29/29 MP: 4/4
  1363 | D:2      | Found a sacrificial altar of Ru.
  1485 | D:2      | Found a white marble altar of Elyvilon.
  1546 | D:2      | Found a sparkling altar of Nemelex Xobeh.
  1546 | D:2      | Found an opulent altar of Gozag.
  1731 | D:2      | Became a worshipper of Gozag Ym Sagoz the Greedy
  1811 | D:3      | Reached XP level 4. HP: 37/37 MP: 5/5
  1822 | D:3      | Reached skill level 3 in Fighting
  1826 | D:3      | Reached skill level 3 in Armour
  1853 | D:3      | Noticed Natasha
  1871 | D:3      | Killed Natasha
  1877 | D:3      | Noticed Jessica
  2147 | D:3      | Reached XP level 5. HP: 45/45 MP: 6/6
  2154 | D:3      | Killed Jessica
  2227 | D:3      | Found a radiant altar of Vehumet.
  2247 | D:3      | Noticed Natasha
  2253 | D:3      | Killed Natasha
  2341 | D:3      | Gained mutation: Your muscles are strong. (Str +2) [potion of mutation]
  2341 | D:3      | Gained mutation: You have a pair of large horns on your head. [potion of mutation]
  2341 | D:3      | Gained mutation: Your flesh is cold resistant. (rC+) [potion of mutation]
  2423 | D:3      | Noticed Natasha
  2431 | D:3      | Killed Natasha
  2431 | D:3      | Reached skill level 1 in Shields
  2431 | D:3      | Reached XP level 6. HP: 29/53 MP: 7/7
  3027 | D:4      | Found a shadowy altar of Dithmenos.
  3133 | D:4      | Found an iron altar of Okawaru.
  3242 | D:4      | Found an iron altar of Okawaru.
  3475 | D:5      | Entered Level 5 of the Dungeon
  3484 | D:5      | Noticed an ice beast
  3508 | D:5      | Killed an ice beast
  3516 | D:5      | Reached skill level 3 in Shields
  3516 | D:5      | Reached XP level 7. HP: 41/61 MP: 8/8
  3923 | D:5      | Found a staircase to the Ecumenical Temple.
  4199 | D:5      | You fall through a shaft!
  4294 | D:6      | Reached skill level 6 in Fighting
  4294 | D:6      | Reached skill level 6 in Armour
  4598 | D:6      | Reached XP level 8. HP: 34/71 MP: 9/9
  4839 | D:6      | Found a glowing drain.
  5162 | D:6      | Found a hazy altar of Hepliaklqana.
  5166 | D:6      | Found a shattered altar of Ashenzari.
  5187 | D:6      | Found Tavyf's Armour Shoppe.
  5560 | D:7      | Found a burning altar of Makhleb.
  5657 | D:7      | Found a sand-covered staircase.
  5935 | Ossuary  | Entered an ossuary
  5943 | Ossuary  | Reached skill level 6 in Shields
  6868 | D:7      | Found an ornate altar of the Wu Jian Council.
  7028 | D:8      | Noticed Pawles22's ghost (novice NaTm)
  7045 | D:8      | Got an ancient scale mail
  7056 | D:8      | Identified the +6 scale mail of Nuamoxue {*Contam +Fly rC+} (You found it on level 8 of the Dungeon)
  7168 | D:8      | Reached XP level 9. HP: 79/81 MP: 10/10
  7333 | D:8      | Killed Pawles22's ghost
  7333 | D:8      | Reached skill level 9 in Armour
  7501 | D:8      | Reached skill level 9 in Fighting
  7614 | D:8      | Found a glowing golden altar of the Shining One.
  7650 | D:8      | Found a deep blue altar of Sif Muna.
  7689 | D:8      | Found Osuok's Food Boutique.
  7778 | D:9      | Found a staircase to the Lair.
  8034 | D:9      | Reached skill level 9 in Shields
  8064 | D:9      | Reached XP level 10. HP: 30/93 MP: 11/11
  8889 | D:9      | Reached skill level 1 in Short Blades
  8903 | D:9      | Noticed a two-headed ogre
  8926 | D:9      | Found Fyalim's General Store.
  9152 | D:9      | Killed a two-headed ogre
  9152 | D:9      | Reached skill level 6 in Short Blades
  9160 | D:9      | Bought a scroll of fog for 32 gold pieces
  9160 | D:9      | Bought a wand of clouds (5) for 432 gold pieces
  9160 | D:9      | Bought a potion of heal wounds for 80 gold pieces
  9160 | D:9      | Bought a scroll of fear for 56 gold pieces
  9160 | D:9      | Bought a scroll of silence for 120 gold pieces
  9292 | D:9      | Paralysed by fainting for 5 turns
  9482 | D:9      | Noticed nikopol's ghost (novice DEFE)
  9510 | D:9      | HP: 4/94 [nikopol's ghost/flame tongue (33)]
  9516 | D:9      | Killed nikopol's ghost
  9676 | D:9      | Killed an unseen horror
  9914 | D:9      | Reached XP level 11. HP: 97/101 MP: 12/12
 10301 | D:10     | Entered Level 10 of the Dungeon
 10875 | D:10     | Noticed a two-headed ogre
 10884 | D:10     | Killed a two-headed ogre
 10884 | D:10     | Reached skill level 3 in Dodging
 11419 | D:11     | Noticed a green ugly thing
 11540 | D:11     | Killed a green ugly thing
 11677 | D:11     | Noticed Erolcha
 11687 | D:11     | Killed Erolcha
 11694 | D:11     | Noticed a centaur warrior
 11711 | D:11     | Killed a centaur warrior
 11788 | D:11     | Noticed Josephine
 11802 | D:11     | Killed Josephine
 11802 | D:11     | Reached skill level 12 in Fighting
 11802 | D:11     | Reached skill level 12 in Armour
 12199 | D:11     | Noticed Fannar
 12252 | D:11     | Killed Fannar
 12252 | D:11     | Reached XP level 12. HP: 91/112 MP: 13/13
 12517 | Lair:1   | Entered Level 1 of the Lair of Beasts
 12531 | Lair:1   | Noticed Harold
 12551 | Lair:1   | Killed Harold
 12622 | Lair:1   | Noticed Erica
 12647 | Lair:1   | Killed Erica
 12647 | Lair:1   | Reached skill level 12 in Shields
 12914 | Lair:1   | Found a labyrinth entrance.
 12970 | Lair:1   | Found a shadowy altar of Dithmenos.
 13452 | Lair:2   | Found a staircase to the Snake Pit.
 14272 | Lair:3   | Noticed a four-headed hydra
 14286 | Lair:3   | Killed a four-headed hydra
 14830 | Lair:3   | Reached XP level 13. HP: 95/123 MP: 14/14
 15861 | Lair:4   | Found a staircase to the Swamp.
 17236 | Lair:5   | Found a shadowy altar of Dithmenos.
 17600 | Lair:6   | Entered Level 6 of the Lair of Beasts
 17635 | Lair:6   | Reached skill level 15 in Fighting
 17718 | Lair:6   | Reached skill level 15 in Armour
 17781 | Lair:6   | Noticed Snorg
 17796 | Lair:6   | Killed Snorg
 17955 | Lair:6   | Reached XP level 14. HP: 96/135 MP: 15/15
 18075 | Lair:6   | Noticed Xenophilius's ghost (journeyman TrWr)
 18889 | Lair:6   | Reached skill level 15 in Shields
 19870 | Lair:6   | Killed Xenophilius's ghost
 20434 | D:12     | Found a flagged portal.
 20466 | Bailey   | Entered a bailey
 20551 | Bailey   | Found an iron altar of Okawaru.
 21320 | D:12     | Found Yfewk's Jewellery Boutique.
 21347 | D:12     | Bought an uncursed ring of poison resistance for 280 gold pieces
 21347 | D:12     | Bought an uncursed amulet of regeneration for 420 gold pieces
 21635 | D:12     | Found a staircase to the Orcish Mines.
 22596 | D:13     | Noticed Frances
 23044 | D:13     | Killed Frances
 23528 | D:14     | Noticed Kirke
 23577 | D:14     | Killed Kirke
 23577 | D:14     | Reached XP level 15. HP: 135/146 MP: 16/16
 23631 | D:14     | Found a gate to the Vaults.
 24026 | D:14     | Noticed Louise
 24056 | D:14     | Killed Louise
 24201 | D:14     | Bought a wand of clouds (7) for 372 gold pieces
 24444 | D:14     | Bought the ring of Circularity {+Blink rC+ MR+ Str+4 SInv} for 550 gold pieces
 24661 | D:15     | Entered Level 15 of the Dungeon
 25092 | D:15     | Found a staircase to the Depths.
 25515 | D:15     | Reached skill level 18 in Fighting
 25624 | D:15     | Found a sparkling altar of Nemelex Xobeh.
 25638 | D:15     | Reached skill level 18 in Armour
 25993 | Orc:1    | Entered Level 1 of the Orcish Mines
 25997 | Orc:1    | Found Uthepn's Assorted Antiques.
 26063 | Orc:1    | Bought a potion of might for 88 gold pieces
 26063 | Orc:1    | Bought a potion of might for 88 gold pieces
 26132 | Orc:2    | Entered Level 2 of the Orcish Mines
 26296 | Orc:2    | Found a roughly hewn altar of Beogh.
 26357 | Orc:2    | Noticed Saint Roka
 26362 | Orc:2    | Found a staircase to the Elven Halls.
 26384 | Orc:2    | Killed Saint Roka
 26573 | Orc:2    | Reached XP level 16. HP: 157/157 MP: 17/17
 26595 | Orc:2    | Found a roughly hewn altar of Beogh.
 27045 | Orc:2    | Found Sionan's Antique Armour Boutique.
 27048 | Orc:2    | Found a roughly hewn altar of Beogh.
 27065 | Orc:2    | Found Ymosoic's Antique Weapon Shop.
 27444 | Orc:2    | Found a roughly hewn altar of Beogh.
 27445 | Orc:2    | Found Zabo's Book Emporium.
 28058 | Lair:4   | Bought the +2 shield of Resistance {rF+ rC+ MR+} for 534 gold pieces
 28058 | Lair:4   | Found the +2 shield of Resistance {rF+ rC+ MR+}
 28076 | Swamp:1  | Entered Level 1 of the Swamp
 28150 | Swamp:1  | Reached skill level 1 in Axes
 28345 | Swamp:1  | Noticed Anon1729's ghost (adept DsFE)
 28409 | Swamp:1  | Killed Anon1729's ghost
 28625 | Swamp:1  | Found a frozen archway.
 28697 | IceCv    | Entered an ice cave
 28791 | IceCv    | Reached skill level 3 in Axes
 29578 | IceCv    | Got a pair of encrusted gloves
 29579 | IceCv    | Identified the +0 pair of gloves of Midwinter {*Slow rPois rF+} (You found it in an ice cave)
 30644 | Swamp:2  | Reached skill level 6 in Axes
 31691 | Swamp:4  | Entered Level 4 of the Swamp
 32066 | Swamp:4  | Reached XP level 17. HP: 164/168 MP: 18/18
 32284 | Swamp:4  | Noticed the 27-headed Lernaean hydra
 32312 | Swamp:4  | Killed the 27-headed Lernaean hydra
 32412 | Swamp:4  | Killed from afar by a thorn hunter

Vault maps used:
D:1:      minmay_arrival_diagonal_passages, st_stairs_10, serial_park_tiny_pond,
          due_unseen_surprise
D:2:      grunt_temple_overflow_opulence, nicolae_overflow_hidden_temple,
          elyvilon_altar_4
D:3:      vehumet_crystals, serial_bayou_pond_d, uniq_natasha, uniq_jessica
D:4:      kennysheep_mini_moat, nicolae_dithmenos_shadow_blocks, first_ration,
          okawaru_ov_weapons_minmay
D:5:      minmay_temple_entry_enclosed_plants, hangedman_decor_slide_cut,
          uniq_pikel
D:6:      minmay_cornered_nines, grunt_temple_overflow_open, serial_shops, shop,
          portal_sewer_entry_c
D:7:      lemuel_round_altar, lemuel_round_altar, nicolae_ossuary_entry_ruins,
          minivault_22
D:8:      lemuel_round_altar, lemuel_round_altar, serial_shops, shop
D:9:      minmay_the_grid_octo_tiled_squarecenter, lair_entry_dummy,
          serial_shops, shop, the_bakery
D:10:     hex_large
D:11:     uniq_josephine, uniq_fannar, uniq_erolcha
D:12:     david_orc_1_choice, serial_shops, shop, enter_bailey_2
D:13:     minmay_misc_feat_four_crosses, uniq_frances
D:14:     erik_vaults_2, grunt_decor_arrowhead, grunt_ministairs_1,
          nooodl_food_tri, uniq_kirke, uniq_louise
D:15:     gammafunk_depths_entry_grave, basic_altar, serial_park_square1
Lair:1:   lab_entry_generic, basic_altar, st_stairs_12, guppyfry_lair_drakes,
          uniq_erica, uniq_harold
Lair:2:   minmay_snake_entry_guardpost_small, st_stairs_9, grunt_megastairs_3
Lair:3:   cheibrodos_lair_overgrown_chateau, grunt_megastairs_4,
          serial_bayou_shore_a
Lair:4:   minmay_swamp_entry_reptiles, cheibrodos_lair_caveside_slide,
          bh_autumn_forest_stairs, bobbens_ice_dragon_lair
Lair:5:   basic_altar, lemuel_fruit_fields
Lair:6:   evilmike_catoblepas_cave, minmay_slime_entry_oklob_enclosed,
          uniq_snorg
Swamp:1:  portal_ice_cave_entry_pillars_four, evilmike_swamp_ruin_rubble_1
Swamp:2:  serial_swamp_ruin, evilmike_swamp_ruin_house_3,
          evilmike_swamp_ruin_house_1, evilmike_swamp_ruin_house_5, swamp_pool2
Swamp:3:  evilmike_swamp_ruin_rubble_2, hangedman_swamp_cone
Swamp:4:  grunt_swamp_rune_castle, swamp_pool5
Orc:1:    serial_shops, shop
Orc:2:    grunt_orc_community_town_hall, grunt_orc_community_big_house_1,
          grunt_orc_community_big_house_1, grunt_orc_community_house_1,
          grunt_orc_community_house_3, grunt_orc_community_house_3,
          grunt_orc_community_house_3, bh_open_orc_temple, uniq_saint_roka
Ossuary:  ossuary_minmay_tomb_2a
Bailey:   bailey_axe_of_yendor_kennysheep, bailey
IceCv:    ice_cave_caverns_03

Skill      XL: |  1  2  3  4  5  6  7  8  9 10 11 12 13 14 15 16 17 |
---------------+----------------------------------------------------+-----
Fighting       | 1 2 3 4 5 6 8 10 12 13 15 16 18 19 | 19.8
Armour         | 1 2 3 4 5 6 8 10 12 13 15 16 18 19 | 19.7
Unarmed Combat | 1 |  1.8
Shields        | 1 3 4 6 9 11 13 14 16 17 | 17.9
Short Blades   | 11 | 11.5
Dodging        | 4 |  4.1
Axes           | 7 8 |  8.8
Stealth        | |  1.5
Spellcasting   | |  1.3
Transmutations | |  0.7
Earth Magic    | |  2.4

Action                   |  1- 3 |  4- 6 |  7- 9 | 10-12 | 13-15 | 16-18 || total
-------------------------+-------+-------+-------+-------+-------+-------++-------
Melee: Unarmed           |   111 |       |       |       |       |       ||   111
       Headbutt          |    13 |    24 |    57 |   245 |   535 |   301 ||  1175
       Punch             |     2 |     1 |       |       |       |       ||     3
       Short sword       |    25 |   157 |   227 |  1014 |   733 |       ||  2156
       War axe           |       |       |   108 |    49 |       |       ||   157
       Quick blade       |       |       |       |       |  1205 |  1296 ||  2501
 Cast: Sandblast         |     5 |       |       |       |       |       ||     5
Invok: Potion Petition   |       |     1 |       |       |       |       ||     1
       Call Merchant     |       |       |       |       |     2 |     1 ||     3
Evoke: Wand              |       |       |     3 |     3 |     3 |     9 ||    18
       Phantom mirror    |       |       |       |     1 |       |       ||     1
  Use: Potion            |     1 |     3 |     3 |     2 |     2 |       ||    11
       Scroll            |       |       |    13 |     6 |     9 |    10 ||    38
 Stab: Distracted        |       |     1 |     1 |     4 |     3 |       ||     9
       Petrified         |       |       |       |       |     4 |       ||     4
       Confused          |       |       |       |       |     7 |       ||     7
       Petrifying        |       |       |       |       |     2 |       ||     2
  Eat: Chunk             |     2 |       |       |       |       |       ||     2
       Ration            |     1 |     2 |     3 |     9 |    12 |     5 ||    32
Armor: Ring mail         |    60 |    43 |    78 |       |       |       ||   181
       Robe              |     4 |       |       |       |       |       ||     4
       Scale mail        |       |       |    67 |   283 |   342 |     8 ||   700
       Plate armour      |       |       |       |       |       |   321 ||   321
Dodge: Dodged            |    96 |    61 |   130 |   188 |   262 |   163 ||   900
Block: Shield            |       |    49 |   241 |   504 |   560 |   409 ||  1763
       Large shield      |       |       |       |       |   178 |    50 ||   228

Table legend:
 A = Spawn XP
 B = Non-spawn XP
 C = Spawn XP percentage of total XP
 D = Spawn monster count
 E = Non-spawn monster count
 F = Spawn count percentage of total count
 G = Total turns spent on level
                    A         B        C        D         E        F      G
               +---------+---------+-------+---------+---------+-------+---------
         Total |       0 |  234910 |   0.0 |       0 |     996 |   0.0 | 32412
               +---------+---------+-------+---------+---------+-------+---------
           D:1 |       0 |      42 |   0.0 |       0 |      23 |   0.0 |   919
           D:2 |       0 |      54 |   0.0 |       0 |      14 |   0.0 |  1141
           D:3 |       0 |     314 |   0.0 |       0 |      33 |   0.0 |   742
           D:4 |       0 |     154 |   0.0 |       0 |      11 |   0.0 |   673
           D:5 |       0 |     320 |   0.0 |       0 |       9 |   0.0 |   724
           D:6 |       0 |     634 |   0.0 |       0 |      25 |   0.0 |  1439
           D:7 |       0 |     795 |   0.0 |       0 |      18 |   0.0 |  1086
           D:8 |       0 |    1291 |   0.0 |       0 |      17 |   0.0 |  1631
           D:9 |       0 |    7428 |   0.0 |       0 |      76 |   0.0 |  1806
          D:10 |       0 |    3040 |   0.0 |       0 |      42 |   0.0 |  1102
          D:11 |       0 |    9174 |   0.0 |       0 |      29 |   0.0 |  1169
          D:12 |       0 |    9916 |   0.0 |       0 |      45 |   0.0 |  1568
          D:13 |       0 |   10571 |   0.0 |       0 |      39 |   0.0 |  1379
          D:14 |       0 |   27153 |   0.0 |       0 |      69 |   0.0 |  1312
          D:15 |       0 |   16479 |   0.0 |       0 |      39 |   0.0 |  1372
        Lair:1 |       0 |    4764 |   0.0 |       0 |      19 |   0.0 |   807
        Lair:2 |       0 |    4736 |   0.0 |       0 |      19 |   0.0 |  1021
        Lair:3 |       0 |    7769 |   0.0 |       0 |      28 |   0.0 |  1380
        Lair:4 |       0 |    5016 |   0.0 |       0 |      17 |   0.0 |  1007
        Lair:5 |       0 |    9346 |   0.0 |       0 |      29 |   0.0 |  1349
        Lair:6 |       0 |   21814 |   0.0 |       0 |      44 |   0.0 |  2175
       Swamp:1 |       0 |    8159 |   0.0 |       0 |      22 |   0.0 |   795
       Swamp:2 |       0 |   15056 |   0.0 |       0 |      36 |   0.0 |   934
       Swamp:3 |       0 |   12922 |   0.0 |       0 |      39 |   0.0 |   946
       Swamp:4 |       0 |   27927 |   0.0 |       0 |      50 |   0.0 |   661
         Orc:1 |       0 |     118 |   0.0 |       0 |       1 |   0.0 |   152
         Orc:2 |       0 |   16583 |   0.0 |       0 |      94 |   0.0 |  1383
       Ossuary |       0 |     275 |   0.0 |       0 |      16 |   0.0 |   185
        Bailey |       0 |    2985 |   0.0 |       0 |      41 |   0.0 |   554
         IceCv |       0 |   10075 |   0.0 |       0 |      52 |   0.0 |  1000
               +---------+---------+-------+---------+---------+-------+---------
